 Dungeon Crawl Stone Soup version 0.24.0-125-gc4c63601f3 (webtiles) character file.

Game seed: 18237952699909385285, levelgen mode: deterministic

27 Curus the Cudgeler (level 2, -1/26 HPs)
             Began as a Draconian Berserker on Mar 9, 2020.
             Was a Follower of Trog.
             Slain by Robin
             ... wielding a +0 trident
              (4 damage)
             ... on level 2 of the Dungeon.
             The game lasted 00:02:48 (725 turns).

Curus the Cudgeler (Draconian Berserker)             Turns: 725, Time: 00:02:48

Health: -1/26      AC:  4    Str: 19    XL:     2   Next: 93%
Magic:  2/2        EV: 12    Int:  7    God:    Trog [*.....]
Gold:   50         SH:  0    Dex: 10    Spells: 1/1 levels left

rFire    + . .     SeeInvis .   a - +0 mace
rCold    . . .     Gourm    .   (no shield)
rNeg     . . .     Faith    .   (armour unavailable)
rPois    .         Spirit   .   (helmet restricted)
rElec    .         Reflect  .   (no cloak)
rCorr    .         Harm     .   (no gloves)
MR       +....                  (no boots)
Stlth    +.........             d - amulet of regeneration
HPRegen  0.48/turn              e - ring of protection from magic
MPRegen  0.08/turn              g - ring of protection from fire

@: no status effects
A: unfitting armour, cold-blooded, AC +4
a: Berserk, Renounce Religion


You were on level 2 of the Dungeon.
You worshipped Trog.
Trog was aware of your devotion.
You were not hungry.

You visited 1 branch of the dungeon, and saw 2 of its levels.

You collected 50 gold pieces.

Inventory:

Hand Weapons
 a - a +0 mace (weapon)
Jewellery
 d - an amulet of regeneration (around neck)
 e - a ring of protection from magic (left hand)
 g - a ring of protection from fire (right hand)
Scrolls
 f - a scroll of amnesia
Potions
 c - a potion of brilliance
Comestibles
 b - 4 rations


   Skills:
 - Level 3.2 Fighting
 + Level 4.2 Maces & Flails
 - Level 2.6 Dodging


You had one spell level left.
You didn't know any spells.
Your spell library was empty.

Dungeon Overview and Level Annotations

Branches:
Dungeon (2/15)

Altars:

Annotations:
D:2 Robin


Innate Abilities, Weirdness & Mutations

Your plain brown scales are hard. (AC +4)
You cannot fit into any form of body armour.
You are cold-blooded and may be slowed by cold attacks.


Message History

A goblin comes into view.
The goblin misses you. The hobgoblin hits you with a +0 club!
The goblin hits you. The goblin hits you with a +0 club.
* * * LOW HITPOINT WARNING * * *
The goblin hits you but does no damage. The hobgoblin barely misses you.
The goblin hits you with a +0 club.
* * * LOW HITPOINT WARNING * * *
You barely miss the hobgoblin.
The hobgoblin hits you but does no damage.
You hit the hobgoblin.
The hobgoblin is lightly wounded.
The hobgoblin hits you with a +0 club.
* * * LOW HITPOINT WARNING * * *
The goblin no longer looks unusually strong.
Robin closely misses you.
The goblin no longer looks unusually strong. x2
The hobgoblin no longer looks unusually strong.
Robin hits you from afar with a +0 trident.
You die...

################
#########.......@g.gg.g#
#..............##g.###r##
#.#######.######..ggg..g#
# ..# ###.# #..g..#g.# .#
###
#...######.###.#.g#..#
#.#........# #...r...#
#.#.##.....# #....##.#
#.#.##.#.#........# ..
#.#..........##...# ##


You could see Robin, 3 hobgoblins, 6 goblins and a rat.

Vanquished Creatures
  An ooze (D:1)
  A worm (D:2)
  A leopard gecko (D:1)
  3 bats
  A giant cockroach (D:1)
  2 hobgoblins (D:1)
  2 kobolds
  A ball python (D:1)
  A frilled lizard (D:1)
  3 goblins (D:1)
  3 rats (D:1)
19 creatures vanquished.

Notes
Turn   | Place    | Note
-------+----------+-------------------------------------------
     0 | D:1      | Curus the Draconian Berserker began the quest for the Orb.
     0 | D:1      | Reached XP level 1. HP: 19/19 MP: 1/1
   278 | D:1      | Reached XP level 2. HP: 26/26 MP: 2/2
   483 | D:1      | Reached skill level 4 in Maces & Flails
   708 | D:2      | Noticed Robin
   722 | D:2      | HP: 1/26 [hobgoblin/+0 club[Robin] (6)]
   725 | D:2      | Slain by Robin

Levels and vault maps discovered:
D:1:      minmay_arrival_five_plusses, layout_loops_ring, hex_large
D:2:      kennysheep_big_flooded_room, layout_loops_ring,
          lemuel_coloured_pillars_altar, kennysheep_big_empty_room,
          st_stairs_14, minmay_quantized, uniq_crazy_yiuf_cottage, uniq_robin

Skill      XL: |  1  2 |
---------------+-------+-----
Maces & Flails | 4 |  4.2
Fighting       | |  3.2
Dodging        | |  2.6

Action                   || total
-------------------------++-------
Melee: Mace              ||    53
       Tailslap          ||     9
  Use: Scroll            ||     2
       Potion            ||     1
Armor: Skin              ||    14
Dodge: Dodged            ||    38
